 Dungeon Crawl Stone Soup version 0.31-a0-157-g0643eb4156 (webtiles) character file.

Game seed: 1526707567867423577

354 qw the Shooter (level 6, -8/38 HPs)
             Began as a Gargoyle Hunter on June 12, 2023.
             Mangled by Pikel
             ... wielding a +0 whip of freezing
              (9 damage)
             ... on level 4 of the Dungeon.
             The game lasted 00:01:17 (2439 turns).

qw the Shooter (Gargoyle Hunter)                    Turns: 2439, Time: 00:01:18

Health: -8/38      AC: 11    Str: 14    XL:     6   Next: 62%
Magic:  6/6        EV: 11    Int: 10    God:
Gold:   125        SH:  0    Dex: 21    Spells: 5/5 levels left

rFire   . . .        Y - +2 shortbow
rCold   . . .        (shield currently unavailable)
rNeg    + . .        e - +0 ring mail
rPois   inf          (no helmet)
rElec   +            k - +0 cloak
rCorr   .            d - +0 pair of gloves
SInv    .            (no boots)
Will    .....        (no amulet)
Stlth   +            j - +6 ring of dexterity
HPRegen 0.26/turn    (no ring)
MPRegen 0.10/turn

%: no passive effects
@: no status effects
A: sickness immunity, AC +4, negative energy resistance 1, electricity
resistance, torment resistance 1, petrification resistance
a: no special abilities


You were on level 4 of the Dungeon.
You visited 1 branch of the dungeon, and saw 4 of its levels.

You collected 197 gold pieces.
You spent 72 gold pieces at shops.


Innate Abilities, Weirdness & Mutations

You are immune to sickness and miasma.
Your stone body is resilient. (AC +4)
You are immune to poison.
You resist negative energy. (rN+)
You are resistant to electric shocks. (rElec)
You are resistant to unholy torment.
You are immune to petrification.


   Skills:
 - Level 4.1 Fighting
 + Level 6.8 Ranged Weapons
 - Level 1.1 Armour
 - Level 1.5 Dodging
 - Level 1.1 Stealth


You had 5 spell levels left.
You didn't know any spells.
Your spell library was empty.

Inventory:

Hand Weapons
 Y - a +2 shortbow (weapon)
Armour
 d - a +0 pair of gloves (worn)
 e - a +0 ring mail (worn)
 k - a +0 cloak (worn)
Jewellery
 b - a ring of fire
 h - a ring of wizardry
 j - a +6 ring of dexterity (left hand)
Scrolls
 a - a scroll of identify
 f - a scroll of teleportation {unknown}
Potions
 c - 4 potions of attraction
 g - 2 potions of haste
 i - a potion of cancellation
 l - a potion of resistance {unknown}
 n - a potion of brilliance {unknown}

Dungeon Overview and Level Annotations

Branches:
Dungeon (4/15)
 Temple: D:4-7

Altars:
Ashenzari
Nemelex Xobeh

Shops:
D:2 :*!=

Annotations:
D:4 Pikel


Message History

The lemure closely misses you. Pikel hits you but does no damage.
You shoot an arrow.
The arrow hits Pikel but does no damage.
Pikel is severely wounded.
Pikel hits you but does no damage. The lemure hits you but does no damage.
The lemure barely misses you.
You shoot an arrow. The arrow barely misses Pikel.
Pikel barely misses you. The lemure misses you.
The lemure hits you but does no damage. The lemure hits you.
You shoot an arrow. The arrow hits Pikel.
Pikel is severely wounded.
Pikel hits you with a +0 whip of freezing.
Pikel freezes you. The lemure hits you but does no damage.
The lemure barely misses you. x2; The lemure closely misses you.
You shoot an arrow. The arrow closely misses Pikel.
Pikel hits you with a +0 whip of freezing.
Pikel freezes you. The lemure hits you but does no damage.
The lemure barely misses you. The lemure hits you but does no damage.
The lemure hits you.
You shoot an arrow. The arrow hits Pikel.
Pikel is almost dead.
Pikel hits you with a +0 whip of freezing.
Pikel freezes you. The lemure barely misses you. The lemure hits you.
The lemure misses you. The lemure hits you but does no damage.
You shoot an arrow. The arrow hits Pikel.
Pikel is almost dead.
The lemure hits you but does no damage. The lemure barely misses you.
Pikel hits you with a +0 whip of freezing.
Pikel freezes you. The lemure closely misses you. x2
You shoot an arrow.
The arrow hits Pikel but does no damage.
Pikel is almost dead.
The lemure hits you but does no damage. The lemure misses you.
Pikel cracks his whip.
Pikel hits you with a +0 whip of freezing.
Pikel freezes you. The lemure hits you. The lemure hits you but does no damage.
The lemure closely misses you. The lemure hits you but does no damage.
The lemure hits you! The lemure barely misses you.
Pikel hits you with a +0 whip of freezing!
You die...

#.............'..
....###############..
..$#...# #.. ...#._.#
#.. ..#...###### #..
###+#.#'''#....# #..
#>....#...#....######..
#...55.#.'....#...##..
#...5@.#.'........##..
#...5K.#.'........##..
#....#...#........##..
#....#+++#............
#.... #............
#$... #....#.......
#.... #....##.#####
#.... #.... #.. ....
##.


You could see Pikel and 4 lemures.

Vanquished Creatures
  An orc priest (D:3)
  A hound (D:4)
  Ijyb (D:4)
  Jessica (D:2)
  3 orc wizards (D:3)
  8 adders
  A worm (D:3)
  2 dart slugs
  10 orcs (D:3)
  5 endoplasms
  3 giant cockroaches
  3 goblins
  6 hobgoblins
  A jackal (D:1)
  A quokka (D:1)
  11 ball pythons
  5 bats
  2 frilled lizards (D:1)
  10 kobolds
  8 rats
83 creatures vanquished.

Notes
Turn   | Place    | Note
-------+----------+-------------------------------------------
     0 | D:1      | qw the Gargoyle Hunter began the quest for the Orb.
     0 | D:1      | Reached XP level 1. HP: 12/12 MP: 1/1
     0 | D:1      | 0 ||| qw: Version: 0.2-a-29-gc1b59c4
     0 | D:1      | 0 ||| qw: Game counter: 4152
     0 | D:1      | 0 ||| qw: Always use a shield: true
     0 | D:1      | 0 ||| qw: God list: Okawaru
     0 | D:1      | 0 ||| qw: Allow faded altars: false
     0 | D:1      | 0 ||| qw: Do Orc after D:15 true
     0 | D:1      | 0 ||| qw: Do second Lair branch before Depths: true
     0 | D:1      | 0 ||| qw: Lair rune preference: random
     0 | D:1      | 0 ||| qw: Plans: Normal, Zot:1-4, Slime:5, God:TSO, Crypt,
                  | Tomb, Abyss, Pan, Hells, Win
     0 | D:1      | 0 ||| PLANNING D:1-11
   142 | D:1      | Reached XP level 2. HP: 17/17 MP: 2/2
   255 | D:1      | 255 ||| UPGRADING to +0 pair of gloves.
   260 | D:1      | 260 ||| READING 2 scrolls labelled UCECWU HASUREMUTIA.
   261 | D:1      | 261 ||| DROPPING scroll of butterflies.
   286 | D:1      | Reached XP level 3. HP: 19/21 MP: 3/3
   301 | D:1      | Reached skill level 5 in Ranged Weapons
   815 | D:1      | 815 ||| UPGRADING to +0 ring mail.
   825 | D:1      | 825 ||| DROPPING +0 leather armour.
   826 | D:1      | 826 ||| UPGRADING to +0 cloak.
   831 | D:1      | 831 ||| UPGRADING to +6 ring of dexterity.
   832 | D:1      | 832 ||| READING scroll labelled KIAGUTS IFORCH.
   833 | D:1      | 833 ||| READING 2 scrolls of identify.
   833 | D:1      | 833 ||| IDENTIFYING silvery potion
   880 | D:2      | Found a faded altar of an unknown god.
   906 | D:2      | Reached skill level 1 in Armour
  1015 | D:2      | Found Okkyl's Distillery.
  1022 | D:2      | 1022 ||| BUYING 2 potions of attraction (72 gold).
  1022 | D:2      | Bought 2 potions of attraction for 72 gold pieces
  1022 | D:2      | 1022 ||| SHOPLISTING 2 potions of mutation (192 gold, have
                  | 10).
  1022 | D:2      | 1022 ||| SHOPLISTING potion of attraction (36 gold, have
                  | 10).
  1022 | D:2      | 1022 ||| SHOPLISTING potion of curing (36 gold, have 10).
  1022 | D:2      | 1022 ||| SHOPLISTING potion of heal wounds (60 gold, have
                  | 10).
  1040 | D:2      | Noticed a walking divine tome
  1042 | D:2      | Found Atae's Book Emporium.
  1053 | D:2      | Reached XP level 4. HP: 27/27 MP: 4/4
  1053 | D:2      | Found Nuzxise's Assorted Antiques.
  1053 | D:2      | Noticed a walking crystal tome
  1066 | D:2      | 1066 ||| SHOPLISTING scroll labelled ZAILETR PUOXA (27
                  | gold, have 10).
  1066 | D:2      | 1066 ||| SHOPLISTING scroll of identify (54 gold, have 10).
  1079 | D:2      | Noticed Jessica
  1085 | D:2      | Reached skill level 3 in Fighting
  1088 | D:2      | Killed Jessica
  1121 | D:2      | Found Tinnilecs's Jewellery Boutique.
  1156 | D:2      | 1156 ||| SHOPLISTING amulet "Tonutoos" {Faith Harm rPois
                  | rCorr} (624 gold, have 26).
  1156 | D:2      | 1156 ||| SHOPLISTING amulet of reflection (330 gold, have
                  | 26).
  1156 | D:2      | 1156 ||| SHOPLISTING amulet of regeneration (330 gold, have
                  | 26).
  1156 | D:2      | 1156 ||| SHOPLISTING amulet of the acrobat (330 gold, have
                  | 26).
  1156 | D:2      | 1156 ||| SHOPLISTING ring of ice (275 gold, have 26).
  1156 | D:2      | 1156 ||| SHOPLISTING ring of positive energy (220 gold,
                  | have 26).
  1156 | D:2      | 1156 ||| SHOPLISTING ring of protection from cold (275
                  | gold, have 26).
  1156 | D:2      | 1156 ||| SHOPLISTING ring of resist corrosion (220 gold,
                  | have 26).
  1355 | D:2      | 1355 ||| DROPPING amulet of magic regeneration.
  1356 | D:2      | 1356 ||| DRINKING 3 fizzy emerald potions.
  1357 | D:2      | 1357 ||| READING 2 scrolls of identify.
  1357 | D:2      | 1357 ||| IDENTIFYING black potion
  1358 | D:2      | 1358 ||| DROPPING potion of enlightenment.
  1379 | D:3      | Reached XP level 5. HP: 32/32 MP: 5/5
  1495 | D:3      | Reached skill level 6 in Ranged Weapons
  1583 | D:3      | 1583 ||| DRINKING potion of curing.
  1583 | D:3      | 1583 ||| (to cure confusion)
  1620 | D:3      | Identified the +1 robe "Lalipnaof" {Archmagi}
  1621 | D:3      | 1621 ||| Stepping ~*~*~tactically~*~*~ (outnumbered).
  1636 | D:3      | Reached XP level 6. HP: 35/38 MP: 6/6
  1883 | D:3      | Found a broken altar of Ashenzari.
  1944 | D:3      | 1944 ||| READING scroll labelled DOYMACWIQAT.
  1973 | D:3      | 1973 ||| READING scroll labelled URPHUO VYSI.
  1974 | D:3      | 1974 ||| DRINKING 2 viscous green potions.
  2156 | D:4      | 2156 ||| READING scroll of enchant weapon.
  2156 | D:4      | 2156 ||| ENCHANTING +1 shortbow.
  2182 | D:4      | Noticed Ijyb
  2192 | D:4      | HP: 6/38 [+1 spectral club[Ijyb] (5)]
  2196 | D:4      | Killed Ijyb
  2419 | D:4      | Found a sparkling altar of Nemelex Xobeh.
  2424 | D:4      | Noticed Pikel
  2439 | D:4      | HP: 8/38 [lemure[Pikel] (2)]
  2439 | D:4      | HP: 1/38 [lemure[Pikel] (7)]
  2439 | D:4      | Mangled by Pikel

Levels and vault maps discovered:
D:1:      dpeg_arrival_round_c, layout_loops_corners, minmay_hexomino_c4
D:2:      layout_rooms, serial_shops, shop, nicolae_shop_rolling_square,
          nicolae_shop_mannequins, shop, ebering_ecumenical_altar_mist,
          uniq_jessica
D:3:      layout_rooms, ashenzari_conservatory_becter
D:4:      layout_basic, lemuel_crystal_altar, mainiacjoe_overflow_big_doors,
          wad_floor_pattern_untrapped, uniq_ijyb, uniq_pikel

Skill      XL: |  1  2  3  4  5 |
---------------+----------------+-----
Ranged Weapons | 5 6 |  6.8
Armour         | 1 |  1.1
Fighting       | 3 4 |  4.1
Dodging        | |  1.5
Stealth        | |  1.1

Action                     |  1- 3 |  4- 6 || total
---------------------------+-------+-------++-------
   Fire: Shortbow          |    97 |   185 ||   282
    Use: Scroll            |     3 |     4 ||     7
         Potion            |       |     3 ||     3
 Armour: Leather armour    |     6 |       ||     6
         Ring mail         |     6 |    73 ||    79
  Dodge: Dodged            |    17 |    76 ||    93

Table legend:
 A = Non-vault XP
 B = Vault XP
 C = Vault XP percentage of total XP
 D = Non-vault monster count
 E = Vault monster count
 F = Vault count percentage of total count
                 A         B        C        D         E       F
            +---------+---------+-------+---------+---------+-------
      Total |     415 |      91 |  18.0 |      72 |      11 |  13.3
            +---------+---------+-------+---------+---------+-------
        D:1 |      34 |      16 |  32.0 |      23 |       9 |  28.1
        D:2 |      68 |      37 |  35.2 |      13 |       1 |   7.1
        D:3 |     236 |       0 |   0.0 |      30 |       0 |   0.0
        D:4 |      77 |      38 |  33.0 |       6 |       1 |  14.3
            +---------+---------+-------+---------+---------+-------
